 Dungeon Crawl Stone Soup version 0.31.0-12-g77e489cdc1 (webtiles) character file.

Game seed: 11956714008791753243

70 hawla the Shield-Bearer (level 4, -3/39 HPs)
             Began as a Minotaur Fighter on Feb 19, 2024.
             Slain by a gnoll
             ... wielding a +0 halberd
              (13 damage)
             ... on level 2 of the Dungeon.
             The game lasted 00:01:56 (1241 turns).

hawla the Shield-Bearer (Minotaur Fighter)          Turns: 1241, Time: 00:01:57

Health: -3/39      AC:  6    Str: 21    XL:     4   Next: 4%
Magic:  3/3        EV: 10    Int:  5    God:
Gold:   163        SH:  5    Dex: 11    Spells: 3/3 levels left

rFire   . . .        a - +0 long sword
rCold   . . .        c - +0 buckler
rNeg    . . .        b - +0 scale mail
rPois   .            (helmet restricted)
rElec   .            (no cloak)
rCorr   .            (no gloves)
SInv    .            (no boots)
Will    .....        (no amulet) Stlth
                     (no ring)
HPRegen 0.26/turn    (no ring)
MPRegen 0.08/turn

%: no passive effects
@: no status effects
A: horns 2, retaliatory headbutt
a: no special abilities


You were on level 2 of the Dungeon.
You visited 1 branch of the dungeon, and saw 2 of its levels.

You collected 163 gold pieces.

Inventory:

Hand Weapons
 a - a +0 long sword (weapon)
Armour
 b - a +0 scale mail (worn)
 c - a +0 buckler (worn)
Scrolls
 e - a scroll of blinking
 f - a scroll of enchant armour {unknown}
 g - 2 scrolls of vulnerability {unknown}
 k - a scroll of teleportation {unknown}
Potions
 d - a potion of might
 h - a potion of enlightenment
 i - 2 potions of curing {unknown}
 j - a potion of attraction {unknown}


   Skills:
 - Level 3.6 Fighting
 - Level 2.4 Long Blades
 - Level 3.6 Armour
 + Level 2.7 Dodging
 - Level 5.0 Shields


You had 3 spell levels left.
You didn't know any spells.
Your spell library was empty.

Dungeon Overview and Level Annotations

Branches:
Dungeon (2/15)

Altars:


Innate Abilities, Weirdness & Mutations

You have a pair of horns on your head.
You reflexively headbutt those who attack you in melee.


Message History

A gnoll comes into view. It is wielding a +0 flail.
The gnoll shouts!
A gnoll is nearby!
A gnoll is nearby!
A gnoll is nearby!
A gnoll is nearby!
A rat comes into view.
Found 11 gold pieces.
The rat squeaks loudly.
The gnoll hits you with a +0 flail!
A gnoll comes into view. It is wielding a +0 spear.
The gnoll shouts!
You hit the gnoll. You headbutt the gnoll!
The gnoll is almost dead.
The gnoll closely misses you. The gnoll hits you with a +0 flail.
You hit the gnoll.
You kill the gnoll!
You have reached level 4!
You feel stronger. The rat bites you.
A gnoll comes into view. It is wielding a +0 halberd.
You hit the rat.
You kill the rat!
The gnoll hits you with a +0 spear.
You see here a rat corpse.
You hit the gnoll.
The gnoll is moderately wounded.
The gnoll hits you with a +0 spear. The gnoll hits you but does no damage.
You barely miss the gnoll.
The gnoll is moderately wounded.
The gnoll barely misses you.
The gnoll hits you from afar with a +0 halberd!
* * * LOW HITPOINT WARNING * * *
You hit the gnoll.
The gnoll is severely wounded.
The gnoll closely misses you. x2
You hit the gnoll. You headbutt the gnoll.
You kill the gnoll!
The gnoll hits you from afar with a +0 halberd!
You die...

### #..$..... ...
........ ###
#...... # #.....
#.. #.... #..##...
#.....######
#).g)@..#####
#..#####.....######
#.# ##.........# #.
#.........# #. .
#.........# .. #.
###...##### .# #
###.### #
##...##### .
#..#.....#


You could see a gnoll.

Vanquished Creatures
  2 gnolls (D:2)
  An adder (D:2)
  2 dart slugs
  A ribbon worm (D:2)
  2 endoplasms
  4 giant cockroaches
  4 hobgoblins (D:1)
  5 jackals (D:1)
  2 quokkas
  6 ball pythons
  2 bats
  8 kobolds
  5 rats
44 creatures vanquished.

Notes
Turn   | Place    | Note
-------+----------+-------------------------------------------
     0 | D:1      | hawla the Minotaur Fighter began the quest for the Orb.
     0 | D:1      | Reached XP level 1. HP: 19/19 MP: 0/0
    62 | D:1      | Reached skill level 4 in Shields
   199 | D:1      | Reached XP level 2. HP: 26/26 MP: 1/1
   295 | D:1      | Reached skill level 5 in Shields
   371 | D:1      | Reached XP level 3. HP: 31/31 MP: 2/2
   494 | D:1      | Reached skill level 1 in Dodging
  1089 | D:2      | Found a faded altar of an unknown god.
  1232 | D:2      | Reached XP level 4. HP: 21/39 MP: 3/3
  1241 | D:2      | Slain by a gnoll

Illustrated notes

Levels and vault maps discovered:
D:1:      wander_arrival_estate, layout_basic
D:2:      layout_rooms, shapermc_ecumenical_altar_pompeii

Skill      XL: |  1  2  3 |
---------------+----------+-----
Shields        | 4 5 |  5.0
Dodging        | 2 |  2.7
Fighting       | |  3.6
Long Blades    | |  2.4
Armour         | |  3.6

Action                     |  1- 3 |  4- 6 || total
---------------------------+-------+-------++-------
  Melee: Long sword        |    84 |     5 ||    89
         Headbutt          |    10 |     1 ||    11
    Use: Scroll            |     3 |       ||     3
 Armour: Scale mail        |    66 |     6 ||    72
  Dodge: Dodged            |    51 |     3 ||    54
  Block: Buckler           |    22 |       ||    22
